Map: 승천의 사슬

Players

JamesRaider

  • Race: Terran Terran
  • Spawn Location: 11:00

제임스레이더

  • Race: Protoss Protoss
  • Spawn Location: 11:00

VOD

Have the link to the VOD?

Description

Time

  • Played on: April 5, 2019, 10:12 p.m.
  • Length: 15:52
Show
View Real Time Build Order
Export as new Build Order

JamesRaider Terran 

Build Orders:  

Get SALT Encoding   

  12  0:05  SCV  
Show
View Real Time Build Order
Export as new Build Order

제임스레이더 Protoss 

Build Orders:  

Get SALT Encoding   

  12  0:02  Probe (Chrono Boost)  
  13  0:16  Probe (Chrono Boost)  
  14  0:30  Probe (Chrono Boost)  
  15  0:44  Probe (Chrono Boost)  
  16  0:58  Probe (Chrono Boost)  
  17  1:08  Zoraya Legion  
  17  1:54  Probe (Chrono Boost), Ancient Nexus  
  18  2:08  Probe (Chrono Boost)  
  19  2:16  Xel'Naga Passageway  
  19  2:22  Probe (Chrono Boost)  
  20  2:36  Probe (Chrono Boost)  
  20  2:37  Xel'Naga Passageway  
  21  2:50  Probe (Chrono Boost)  
  22  3:04  Probe (Chrono Boost)  
  23  3:17  Probe (Chrono Boost)  
  24  3:21  Core Forge  
  24  3:31  Probe (Chrono Boost)  
  25  3:40  Probe (Chrono Boost)  
  25  3:45  Probe (Chrono Boost)  
  25  3:49  Zoraya Legion  
  27  3:54  Probe (Chrono Boost)  
  28  4:02  Probe (Chrono Boost)  
  28  4:08  Probe (Chrono Boost)  
  30  4:40  Probe x2 (Chrono Boost)  
  30  4:43  Constructs Facility  
  30  4:47  Xel'Naga Passageway  
  32  4:54  Probe x2 (Chrono Boost)  
  34  5:08  Probe x2 (Chrono Boost)  
  36  5:32  Probe (Chrono Boost)  
  37  5:53  Xel'Naga Void Array x2  
  37  5:59  Constructs Bay  
  38  6:00  Zoraya Legion  
  38  6:13  Xel'Naga Void Array x2  
  39  6:38  Xel'Naga Ambusher  
  39  6:39  Xel'Naga Ambusher  
  43  6:40  Xel'Naga Void Array  
  43  6:56  Xel'Naga Ambusher  
  43  6:59  Xel'Naga Ambusher  
  43  7:00  Xel'Naga Shieldguard  
  48  7:13  Xel'Naga Watcher  
  48  7:17  Xel'Naga Shieldguard  
  49  7:22  Tesseract Cannon, Xel'Naga Shieldguard x2  
  51  7:40  Xel'Naga Ambusher  
  53  7:50  Xel'Naga Ambusher  
  53  7:51  Xel'Naga Void Array  
  55  8:06  Zoraya Legion  
  53  8:39  Xel'Naga Ambusher x2  
  53  8:49  Xel'Naga Watcher  
  57  8:52  Xel'Naga Ambusher  
  59  9:07  Xel'Naga Ambusher  
  59  9:18  Xel'Naga Void Array  
  61  9:37  Xel'Naga Ambusher x2  
  65  9:57  Xel'Naga Ambusher  
  67  10:09  Xel'Naga Ambusher  
  67  10:13  Xel'Naga Shieldguard  
  67  10:18  Xel'Naga Shieldguard  
  71  10:31  Zoraya Legion  
  71  10:32  Xel'Naga Void Array  
  71  10:53  Xel'Naga Ambusher  
  73  11:17  Xel'Naga Ambusher x2  
  73  11:20  Xel'Naga Void Array  
  77  11:38  Xel'Naga Ambusher  
  77  11:41  Xel'Naga Ambusher  
  77  11:46  Xel'Naga Watcher  
  81  12:05  Xel'Naga Ambusher  
  81  12:19  Xel'Naga Void Array  
  81  12:24  Tesseract Cannon  
  81  12:29  Xel'Naga Ambusher  
  81  12:33  Xel'Naga Shieldguard  
  84  13:04  Zoraya Legion  
  84  13:08  Xel'Naga Ambusher  
  84  13:13  Xel'Naga Shieldguard  
  84  13:16  Xel'Naga Void Array  
  84  13:18  Xel'Naga Shieldguard  
  84  13:19  Xel'Naga Void Array  
  88  13:33  Xel'Naga Ambusher  
  90  13:44  Xel'Naga Ambusher  
  92  13:57  Xel'Naga Ambusher  
  94  14:11  Xel'Naga Ambusher  
  96  14:26  Xel'Naga Ambusher  
  98  14:44  Tesseract Cannon  
  100  15:07  Zoraya Legion  
Tags
 
Add a new tag
Caveats
  • Supply blocks, unpowered buildings, or Contaminate may cause inaccurate times.
  • Supply counts are checked every 10 seconds.